 Dungeon Crawl Stone Soup version 0.30-a0-782-ge64f9170bb (webtiles) character file.

Game seed: 16215491194736831309

399 gruber the Sneak (level 6, 0/32 HPs)
             Began as a Vine Stalker Fighter on Feb 28, 2023.
             Succumbed to a scorpion's poison
             ... on level 5 of the Dungeon.
             The game lasted 00:03:05 (2622 turns).

gruber the Sneak (Vine Stalker Fighter)             Turns: 2622, Time: 00:03:05

Health: 0/32       AC:  6    Str: 18    XL:     6   Next: 84%
Magic:  3/7        EV: 10    Int:  8    God:
Gold:   293        SH:  5    Dex: 16    Spells: 5/5 levels left

rFire   . . .      SeeInvis .    p - +4 short sword
rCold   . . .      Faith    .    c - +0 buckler
rNeg    . . .      Spirit   +    b - +0 scale mail
rPois   .          Reflect  .    (no helmet)
rElec   .          Harm     .    (no cloak)
rCorr   .          Rampage  .    (no gloves)
Will    .....                    (no boots)
Stlth   ++                       (no amulet)
HPRegen 1.05/turn                (no ring)
MPRegen 0.10/turn                (no ring)

@: lethally poisoned (0 -> -12)
A: fangs 2, regeneration 1, magic shield, antimagic bite, no potion heal 2
a: no special abilities


You were on level 5 of the Dungeon.
You visited 1 branch of the dungeon, and saw 5 of its levels.

You collected 293 gold pieces.

Inventory:

Hand Weapons
 a - a +0 rapier
 p - a +4 short sword (weapon)
Armour
 b - a +0 scale mail (worn)
 c - a +0 buckler (worn)
Wands
 n - a wand of flame (10)
 q - a wand of light (9)
 s - a wand of mindburst (16)
Scrolls
 h - 8 scrolls of identify {unknown}
 j - a scroll of acquirement {unknown}
 k - a scroll of enchant weapon {unknown}
 o - 2 scrolls of fog {unknown}
 r - 2 scrolls of vulnerability {unknown}
 t - 2 scrolls of torment {unknown}
 u - a scroll of silence {unknown}
Potions
 d - 3 potions of might
 e - a potion of magic {unknown}
 f - a potion of berserk rage {unknown}
 g - 3 potions of curing {unknown}
 i - a potion of heal wounds {unknown}
 l - a potion of invisibility {unknown}
 m - 2 potions of resistance {unknown}


   Skills:
 - Level 3.0 Fighting
 - Level 4.0 Short Blades
 - Level 3.0 Armour
 - Level 2.0 Dodging
 * Level 4.9 Stealth
 - Level 2.6 Shields


You had 5 spell levels left.
You didn't know any spells.
Your spell library contained the following spells:

 Spells                   Type           Power      Damage    Failure   Level
 Magic Dart               Conj           0%         1d3       88%         1
 Call Imp                 Summ           0%         N/A       95%         2
 Mephitic Cloud           Conj/Pois/Air  0%         N/A       99%         3
 Tukima's Dance           Hex            0%         N/A       99%         3
 Passage of Golubria      Tloc           0%         N/A       100%        4
 Yara's Violent Unravell  Hex/Tmut       0%         3d3       100%        5


Dungeon Overview and Level Annotations

Branches:
Dungeon (4/15)
 Temple: D:4-7

Altars:
Makhleb
Xom

Shops:
D:5 =[


Innate Abilities, Weirdness & Mutations

You have extremely sharp teeth.
Your natural rate of healing is unusually fast.
When hurt, damage is shared between your health and your magic reserves.
Your bite disrupts and absorbs the magic of your enemies.
Potions cannot restore your health.


Message History

You feel sick. The scorpion closely misses you.
You hit the scorpion. Your bite misses the scorpion.
The scorpion is lightly wounded.
You feel sick. The scorpion stings you.
You are more poisoned.
The scorpion poisons you!
You completely miss the scorpion.
The scorpion is lightly wounded.
You feel very sick.
You hit the scorpion.
The scorpion is moderately wounded.
You feel sick. The scorpion stings you.
You are too injured to fight recklessly!
You are too injured to fight recklessly!
You are too injured to fight recklessly!
You hit the scorpion but do no damage.
The scorpion is moderately wounded.
You feel sick. The scorpion closely misses you.
You hit the scorpion. You bite the scorpion. You drain its power.
You feel invigorated.
The scorpion is severely wounded.
You feel sick. The scorpion stings you.
You are lethally poisoned!
The scorpion poisons you!
You hit the scorpion but do no damage. Your bite misses the scorpion.
The scorpion is severely wounded.
* * * LOW HITPOINT WARNING * * *
You feel very sick.
The scorpion stings you but does no damage.
You barely miss the scorpion. Your bite misses the scorpion.
The scorpion is severely wounded.
* * * LOW HITPOINT WARNING * * *
You feel very sick. The scorpion stings you.
* * * LOW HITPOINT WARNING * * *
You are more poisoned.
The scorpion poisons you!
You closely miss the scorpion. Your bite misses the scorpion.
The scorpion is severely wounded.
You die...

.............#
##..
...........### #..
..........## ##
#.# ........##
##.## #.#
......#.# ##....#
#.#
....###.###......#
#.# ####
##.#........ #.#
##.......... #.#
#..|@s...... #.#
#....)...... #.#
#...........
##..........
#..........
#..........
#..........
##.....?...


You could see a scorpion.

Vanquished Creatures
  A necrophage (D:5)
  A scorpion (D:5)
  A crimson imp (D:3)
  An orc priest (D:5)
  Jessica (D:2)
  An orc wizard (D:5)
  Ijyb (D:3)
  4 adders
  2 white imps (D:5)
  A worm (D:3)
  3 dart slugs
  3 orcs
  8 endoplasms
  7 giant cockroaches
  8 goblins
  6 hobgoblins
  2 jackals (D:1)
  8 kobolds
  3 quokkas
  2 ball pythons (D:1)
  5 bats
  3 frilled lizards
  9 rats
81 creatures vanquished.

Notes
Turn   | Place    | Note
-------+----------+-------------------------------------------
     0 | D:1      | gruber the Vine Stalker Fighter began the quest for the
                  | Orb.
     0 | D:1      | Reached XP level 1. HP: 11/11 MP: 2/2
   104 | D:1      | Reached XP level 2. HP: 13/16 MP: 3/3
   296 | D:1      | Reached XP level 3. HP: 19/19 MP: 4/4
   337 | D:1      | Found a faded altar of an unknown god.
  1224 | D:2      | Noticed Jessica
  1238 | D:2      | Killed Jessica
  1239 | D:2      | Gained mutation: Your natural rate of healing is unusually
                  | fast. [Vine Stalker growth]
  1239 | D:2      | Reached XP level 4. HP: 23/23 MP: 5/5
  1540 | D:3      | Noticed Ijyb
  1584 | D:3      | Killed Ijyb
  1585 | D:3      | Reached XP level 5. HP: 28/28 MP: 6/6
  1769 | D:3      | Identified the +0 mace of Hairy Absolution {heavy, Contam
                  | rElec rF+}
  1862 | D:3      | Reached skill level 1 in Dodging
  1915 | D:3      | Found a shimmering altar of Xom.
  1916 | D:3      | Found a burning altar of Makhleb.
  1936 | D:3      | HP: 1/28 [crimson imp/+2 dagger of chaos (2)]
  2322 | D:4      | You fall into a shaft and drop 1 floor!
  2322 | D:5      | Entered Level 5 of the Dungeon
  2322 | D:5      | Found Vaotint's Jewellery Shop.
  2339 | D:5      | Reached skill level 1 in Stealth
  2339 | D:5      | Reached XP level 6. HP: 28/32 MP: 4/7
  2518 | D:5      | Found Lowawiur's Antique Armour Emporium.
  2622 | D:5      | Succumbed to a scorpion's poison

Illustrated notes

Levels and vault maps discovered:
D:1:      lightli_arrival_statue_moat, layout_loops_cross,
          chequers_ecumenical_altar_island, minmay_pentomino_w4
D:2:      layout_basic, uniq_jessica
D:3:      layout_basic, grunt_temple_overflow_champion_of_chaos, uniq_ijyb
D:4:      layout_gridville
D:5:      layout_cave_pods, serial_rivers, chequers_serial_rivers_large_a,
          chequers_serial_rivers_micro_e, chequers_serial_rivers_micro_e,
          chequers_serial_rivers_micro_b, serial_shops, shop, shop, shop, shop,
          uniq_duvessa, uniq_pikel

Skill      XL: |  1  2  3  4  5  6 |
---------------+-------------------+-----
Short Blades   | 2 3 4 |  4.0
Fighting       | 3 |  3.0
Armour         | 3 |  3.0
Dodging        | 2 |  2.0
Stealth        | 1 4 |  4.9
Shields        | |  2.6

Action                     |  1- 3 |  4- 6 || total
---------------------------+-------+-------++-------
  Melee: Rapier            |   121 |    73 ||   194
         Bite              |    24 |    37 ||    61
         Short sword       |       |    99 ||    99
 Armour: Scale mail        |    48 |    48 ||    96
  Dodge: Dodged            |    47 |    62 ||   109
  Block: Buckler           |    25 |    29 ||    54

Table legend: (Time is in decaauts)
 A = Elapsed time spent in this place.
 B = Non-inter-level travel time spent in this place.
 C = Inter-level travel time spent in this place.
 D = Time resting spent in this place.
 E = Time spent auto-exploring this place.
 F = Levels seen in this place.
 G = Mean time per level.
                   A        B        C        D        E       F      G
               +--------+--------+--------+--------+--------+-----+--------+
         Total |   2629 |   2573 |     56 |      0 |   1993 |   5 |  525.8 |
       Dungeon |   2629 |   2573 |     56 |      0 |   1993 |   5 |  525.8 |
               +--------+--------+--------+--------+--------+-----+--------+

Top non-repeatable levels by time:
     D:1: 805 daAuts
     D:2: 785 daAuts
     D:3: 482 daAuts
     D:5: 296 daAuts
     D:4: 259 daAuts
